 Dungeon Sprint DCSS version 0.31-a0-196-g86fe4a5e66 (webtiles) character file.

Game seed: 10902112807745706768

15106 rocky1 the Earth Mage (level 11, -15/68 HPs)
             Began as a Demonspawn Earth Elementalist on June 25, 2023.
             Was an Initiate of Gozag.
             Killed from afar by Sigmund (33 damage)
             ... with a bolt of fire
             ... in the Dungeon (Sprint III: "The Ten Rune Challenge").
             The game lasted 00:21:27 (4892 turns).

rocky1 the Earth Mage (DsEE)                        Turns: 4892, Time: 00:21:28

Health: -15/68     AC: 11    Str:  9    XL:     11   Next: 97%
Magic:  22/28      EV: 12    Int: 23    God:    Gozag
Gold:   585        SH:  0    Dex: 14    Spells: 27/36 levels left

rFire   . . .        a - +1 demon trident (elec)
rCold   . . .        (no shield)
rNeg    . . .        s - +0 troll leather armour
rPois   .            k - +2 helmet {Int+3}
rElec   .            t - +1 cloak {rCorr}
rCorr   +            (no gloves)
SInv    .            (no boots)
Will    .....        (no amulet)
Stlth   +            (no ring)
HPRegen 1.11/turn    (no ring)
MPRegen 0.21/turn

%: no teleportation
@: confused, gold aura, hasted, invisible (expiring), very quick
A: claws 2, molten scales 1, foul stench 1, powered by death 1
a: Renounce Religion, Potion Petition, Call Merchant, Bribe Branch


You were in the Dungeon.
You worshipped Gozag.
Gozag was pleased with you.
You visited 1 branch You collected 8339 gold pieces.
You spent 2519 gold pieces at shops.
You paid 5235 gold pieces to Gozag.

Inventory:

Hand Weapons
 a - a +1 demon trident of electrocution (weapon)
 i - a +3 quarterstaff of chaos
Missiles
 c - 6 javelins
Armour
 k - a +2 helmet of intelligence (worn)
 p - a +2 robe of willpower
 s - a +0 troll leather armour (worn)
 t - a +1 cloak of preservation (worn)
Wands
 d - a wand of digging (3)
 x - a wand of flame (4)
Scrolls
 g - 3 scrolls of blinking
 j - 3 scrolls of torment
 n - a scroll of brand weapon
 q - a scroll of fog
 r - a scroll of amnesia
 u - a scroll of poison {unknown}
Potions
 b - a potion of magic
 e - a potion of haste
 h - a potion of lignification
 l - 3 potions of enlightenment
 m - 5 potions of mutation
 o - 3 potions of might
 v - a potion of brilliance
 w - 2 potions of invisibility
Miscellaneous
 f - a lightning rod (1/4)


   Skills:
 - Level 0.4 Staves
 - Level 2.0 Armour
 - Level 2.9 Dodging
 - Level 1.7 Stealth
 + Level 13.4 Spellcasting
 + Level 12.5 Conjurations
 - Level 0.8 Transmutations
 * Level 11.2 Air Magic
 + Level 16.0 Earth Magic
 - Level 12.3 Evocations


You had 27 spell levels left.
You knew the following spells:

 Your Spells              Type           Power      Damage    Failure   Level
a - Sandblast             Erth           100%       2d20      0%          1
b - Stone Arrow           Conj/Erth      100%       3d13      1%          3
c - Arcjolt               Conj/Air       31%        1d41      1%          5

Your spell library contained the following spells:

 Spells                   Type           Power      Damage    Failure   Level
 Passwall                 Tmut/Erth      44%        N/A       1%          2
 Vhi's Electric Charge    Tloc/Air       82%        N/A       1%          3
 Petrify                  Tmut/Erth      53%        N/A       1%          4
 Maxwell's Capacitive Co  Air            30%        ∞         98%         8


Dungeon Overview and Level Annotations

Branches:
Dungeon (1/1)

Altars:
Cheibriados
Dithmenos
Fedhas
Gozag
Hepliaklqana
Kikubaaqudgha
Makhleb
Nemelex Xobeh
Okawaru
Qazlal
Ru
Sif Muna
Trog
Uskayaw
Vehumet
Wu Jian
Xom
Yredelemnul
Jiyva
Lugonu

Shops:
D *[?

Annotations:
D Sigmund


Innate Abilities, Weirdness & Mutations

You have very sharp fingernails.
You are partially covered in molten scales. (AC +2)
You may rarely emit foul miasma when damaged in melee.
You regenerate a little health from kills.


Message History

Press: ? - help, Q - select action, (/) - cycle Shift-Dir - straight line Unknown command.
Aiming: Stone Arrow (safe; 1% risk of failure)
Press: ? - help, Q - select action, (/) - cycle Shift-Dir - straight line The stone arrow hits something!
You hear some strange, mumbled words.
You are confused.
Unknown command.
You're too confused to cast spells.
You hear some strange, mumbled words.
There is an open door to the Lair of Beasts here.
Unknown command.
Unknown command.
You're too confused to cast spells.
Okay, then.
You hear some strange, mumbled words.
A bolt of fire appears from out of thin air!
You bump into the unnaturally hard rock wall.
You bump into the unnaturally hard rock wall.
You're too confused to move!
You feel less confused.
Aiming: Stone Arrow (safe; 1% risk of failure)
Press: ? - help, Q - select action, (/) - cycle Shift-Dir - straight line The stone arrow hits something!!
You hear some strange, mumbled words.
You are confused.
Unknown command.
You bump into the rock wall.
You flicker for a moment.
You're too confused to cast spells.
Okay, then.
Something hits you but does no damage. Space warps horribly around you!!
* * * LOW HITPOINT WARNING * * *
You bump into the tree.
You bump into the unnaturally hard rock wall.
You hear some strange, mumbled words.
A bolt of fire appears from out of thin air!
The bolt of fire hits you!!
You die...
Your body crumbles into a pile of gold.

.....#[[#.#.#..##,+,,,**,,,,+,,,,
####'#.####.###.##***************
_#...#'#########[###########*****
_#...#....#.#.#)....#......+y,,~~
_#...##.#..#.##.##..#^..^..#y,,~~
_#...'##)#.#.##.#...#.^....#y,,~~
_'...#.).#..#..##..'.^.....#y,,~~
▓▓▓▓▓▓▓▓▓▓▓▓▓▓▓▓▓▓▓#...^...#y,,,,
♣♣~~~........~~~@.{#.^...^.#y,,,,
♣'♣≈≈≈≈≈≈≈≈≈≈≈≈♣♣P.'^.^....#y,,,,
~♣♣♣♣♣♣♣♣♣♣♣♣♣♣♣♣PP#....^..##****
.♣♣ ♣♣♣♣♣♣##$#######****
#'♣♣♣♣♣******♣♣♣♣♣♣#...+.≈≈≈≈**,,
♣.##..##~~~~~≈.D#ZZ#@..#.§§§§*~,~
.##.##.#~~~~~..D#ZZ#...#.#§§§**~*
##.##.##+~~~~≈####+#####.#c≈≈~***
.#.##.∩.#~~,,....(.#oPPP.###§~~~~


There were no monsters in sight!

Vanquished Creatures
  Rupert (D)
  A kraken (D)
  Erolcha (D)
  4 death yaks (D)
  An orc high priest (D)
  Urug (D)
  An orc knight (D)
  A lindwurm (D)
  A deep elf pyromancer (D)
  2 black mambas (D)
  A rime drake (D)
  2 cane toads (D)
  A komodo dragon (D)
  2 tyrant leeches (D)
  3 wandering mushrooms (D)
  8 blink frogs (D)
  2 snapping turtles (D)
  A shadow (D)
  5 redbacks (D)
  A spatial vortex (D)
  A swamp drake (D)
  3 orc warriors (D)
  5 two-headed ogres (D)
  A necrophage (D)
  A water elemental (D)
  A jelly (D)
  3 orc priests (D)
  Crazy Yiuf (D)
  A wizard (D)
  Jessica (D)
  A necromancer (D)
  An orc wizard (D)
  3 humans (D)
  A kobold demonologist (D)
  9 orcs (D)
  An endoplasm (D)
  2 rats (D)
  A tentacle (D)
77 creatures vanquished.

Vanquished Creatures (others)
  Edmund (D)
  3 tentacles (D)
4 creatures vanquished.

Grand Total: 81 creatures vanquished

Notes
Turn   | Place    | Note
-------+----------+-------------------------------------------
     0 | D        | rocky1 the Demonspawn Earth Elementalist began the quest
                  | for the Orb.
     0 | D        | Reached XP level 1. HP: 13/13 MP: 3/3
     4 | D        | Reached skill level 3 in Earth Magic
   231 | D        | Noticed Jessica
   233 | D        | Killed Jessica
   234 | D        | Reached skill level 5 in Earth Magic
   234 | D        | Gained mutation: You have sharp fingernails. [demonic
                  | ancestry]
   234 | D        | Reached XP level 2. HP: 19/19 MP: 1/6
   234 | D        | Gained mutation: You are partially covered in molten
                  | scales. (AC +2) [demonic ancestry]
   234 | D        | Reached XP level 3. HP: 24/24 MP: 1/8
   493 | D        | Learned a level 3 spell: Stone Arrow
   501 | D        | Noticed Crazy Yiuf
   505 | D        | Killed Crazy Yiuf
   506 | D        | Reached skill level 6 in Earth Magic
   557 | D        | Reached XP level 4. HP: 25/30 MP: 0/10
   646 | D        | Noticed a water elemental
   652 | D        | Killed a water elemental
   653 | D        | Reached skill level 8 in Earth Magic
   873 | D        | Reached skill level 5 in Spellcasting
   873 | D        | Reached XP level 5. HP: 35/35 MP: 8/12
   873 | D        | Noticed a shadow
   876 | D        | Killed a shadow
   877 | D        | Reached skill level 10 in Earth Magic
   877 | D        | Gained mutation: You regenerate a little health from kills.
                  | [demonic ancestry]
   877 | D        | Reached XP level 6. HP: 21/41 MP: 6/15
  1124 | D        | Found a blossoming altar of Fedhas.
  1124 | D        | Found a stormy altar of Qazlal.
  1124 | D        | Found a snail-covered altar of Cheibriados.
  1124 | D        | Found a burning altar of Makhleb.
  1124 | D        | Found a shimmering altar of Xom.
  1125 | D        | Found a hazy altar of Hepliaklqana.
  1125 | D        | Found an opulent altar of Gozag.
  1125 | D        | Found a sparkling altar of Nemelex Xobeh.
  1125 | D        | Found a corrupted altar of Lugonu.
  1125 | D        | Found a viscous altar of Jiyva.
  1125 | D        | Noticed a spatial vortex
  1130 | D        | Became a worshipper of Gozag Ym Sagoz the Greedy
  1133 | D        | Killed a spatial vortex
  1134 | D        | Reached skill level 11 in Earth Magic
  1172 | D        | Found a basalt altar of Yredelemnul.
  1172 | D        | Found a shadowy altar of Dithmenos.
  1172 | D        | Found a sacrificial altar of Ru.
  1176 | D        | HP: 1/36 [necromancer/bolt of negative energy (22)]
  1179 | D        | Reached skill level 1 in Conjurations
  1179 | D        | Reached skill level 1 in Evocations
  1180 | D        | Gained mutation: You may rarely emit foul miasma when
                  | damaged in melee. [demonic ancestry]
  1180 | D        | Reached XP level 7. HP: 30/46 MP: 11/17
  1251 | D        | Found a radiant altar of Vehumet.
  1251 | D        | Found a shimmering blue altar of Sif Muna.
  1251 | D        | Found an ancient bone altar of Kikubaaqudgha.
  1277 | D        | Noticed a deep elf pyromancer
  1279 | D        | Killed a deep elf pyromancer
  1280 | D        | Reached skill level 12 in Earth Magic
  1323 | D        | Found a hide-covered altar of Uskayaw.
  1323 | D        | Found an iron altar of Okawaru.
  1323 | D        | Found a bloodstained altar of Trog.
  1323 | D        | Found an ornate altar of the Wu Jian Council.
  1323 | D        | Noticed a human
  1323 | D        | Noticed a human
  1326 | D        | Killed a human
  1327 | D        | Reached XP level 8. HP: 38/52 MP: 10/20
  1330 | D        | Reached skill level 5 in Conjurations
  1746 | D        | Found Jouthesch's Magic Scroll Shoppe.
  1747 | D        | Noticed an orc high priest
  1747 | D        | Noticed an orc knight
  1748 | D        | Noticed an ice devil
  1756 | D        | Noticed an orange demon
  1757 | D        | Killed an orc knight
  1757 | D        | Killed an orc high priest
  1758 | D        | Reached skill level 10 in Spellcasting
  1758 | D        | Reached skill level 13 in Earth Magic
  1758 | D        | Reached skill level 10 in Evocations
  1758 | D        | Reached XP level 9. HP: 57/57 MP: 21/23
  1862 | D        | Noticed a two-headed ogre
  1865 | D        | Noticed a two-headed ogre
  1866 | D        | Killed a two-headed ogre
  1872 | D        | Noticed Erolcha
  1873 | D        | Killed a two-headed ogre
  1879 | D        | Killed Erolcha
  1880 | D        | Reached XP level 10. HP: 61/63 MP: 15/24
  1891 | D        | Bought 3 scrolls of blinking for 225 gold pieces
  1891 | D        | Bought a scroll of brand weapon for 95 gold pieces
  1891 | D        | Bought a scroll of revelation for 75 gold pieces
  1891 | D        | Bought a scroll of fog for 40 gold pieces
  1891 | D        | Bought a scroll of amnesia for 40 gold pieces
  1954 | D        | Noticed a six-headed hydra
  1954 | D        | Noticed a six-headed hydra
  1954 | D        | Noticed Sigmund
  1954 | D        | Noticed Edmund
  1954 | D        | Noticed a yaktaur captain
  1955 | D        | Noticed a yaktaur captain
  2000 | D        | Bought a shiny helmet for 165 gold pieces
  2000 | D        | Bought a glowing robe for 81 gold pieces
  2000 | D        | Bought a troll leather armour for 330 gold pieces
  2000 | D        | Bought a runed cloak for 165 gold pieces
  2080 | D        | Reached skill level 1 in Armour
  2080 | D        | Reached skill level 14 in Earth Magic
  2329 | D        | Learned a level 5 spell: Arcjolt
  2333 | D        | Noticed a cane toad
  2333 | D        | Noticed a cane toad
  2334 | D        | Killed a cane toad
  2335 | D        | Reached skill level 1 in Air Magic
  2338 | D        | Killed a cane toad
  2813 | D        | Noticed a lindwurm
  2818 | D        | Killed a lindwurm
  2819 | D        | Reached skill level 10 in Conjurations
  2819 | D        | Reached skill level 5 in Air Magic
  2935 | D        | Noticed Urug
  2957 | D        | Killed Urug
  3216 | D        | Bought a potion of magic for 80 gold pieces
  3216 | D        | Bought a potion of lignification for 30 gold pieces
  3216 | D        | Bought a potion of heal wounds for 50 gold pieces
  3216 | D        | Bought a potion of heal wounds for 50 gold pieces
  3216 | D        | Bought a potion of might for 40 gold pieces
  3216 | D        | Bought a potion of enlightenment for 50 gold pieces
  3216 | D        | Bought a potion of brilliance for 40 gold pieces
  3216 | D        | Bought a potion of invisibility for 80 gold pieces
  3216 | D        | Bought a potion of might for 40 gold pieces
  3216 | D        | Bought a potion of enlightenment for 50 gold pieces
  3216 | D        | Bought a potion of haste for 100 gold pieces
  3243 | D        | Gained mutation: You have very sharp fingernails. [demonic
                  | ancestry]
  3243 | D        | Reached XP level 11. HP: 68/68 MP: 13/26
  3544 | D        | Reached skill level 15 in Earth Magic
  3731 | D        | Noticed Rupert
  3734 | D        | Paralysed by Rupert for 3 turns
  3739 | D        | Killed Rupert
  3927 | D        | Noticed a death yak
  3928 | D        | Noticed a death yak
  3935 | D        | Noticed a death yak
  3936 | D        | Killed a death yak
  3938 | D        | Noticed a death yak
  3940 | D        | Killed a death yak
  3946 | D        | Killed a death yak
  3957 | D        | Killed a death yak
  3967 | D        | Reached skill level 10 in Air Magic
  3991 | D        | Noticed an azure jelly
  3991 | D        | Noticed an azure jelly
  4216 | D        | Bought a scroll labelled JUESOUTSUO for 33 gold pieces
  4216 | D        | Bought a potion of invisibility for 264 gold pieces
  4216 | D        | Bought a potion of invisibility for 264 gold pieces
  4216 | D        | Bought a bronze wand for 132 gold pieces
  4221 | D        | Noticed a kraken
  4229 | D        | Killed a kraken
  4371 | D        | Reached skill level 16 in Earth Magic
  4607 | D        | Noticed an alligator snapping turtle
  4607 | D        | Noticed an alligator snapping turtle
  4607 | D        | Noticed an alligator snapping turtle
  4873 | D        | Killed Edmund
  4892 | D        | Killed from afar by Sigmund

Illustrated notes

Levels and vault maps discovered:
D:        dungeon_sprint_mu [sprint_mu_entry_forest, sprint_mu_temple_rooms,
          sprint_mu_d1_spiders, sprint_mu_d2_genie, sprint_mu_d3_branching,
          sprint_mu_orc_legion, sprint_mu_elf_gauntlet, sprint_mu_hive_nellie,
          sprint_mu_lair_fedhas, sprint_mu_vaults_butterflies,
          sprint_mu_slime_circle, sprint_mu_swamp_cave, sprint_mu_shoals_kraken,
          sprint_mu_blade_basic, sprint_mu_crypt_fortress,
          sprint_mu_tomb_spiral, sprint_mu_vestibule_basic,
          sprint_mu_gehenna_hellfire, sprint_mu_dis_giant,
          sprint_mu_tartarus_statrot, sprint_mu_cocytus_islands, sprint_mu_zot1]

Skill      XL: |  1  2  3  4  5  6  7  8  9 10 11 |
---------------+----------------------------------+-----
Earth Magic    | 5 6 8 10 11 12 13 14 16 | 16.0
Spellcasting   | 3 4 5 6 7 8 10 11 13 | 13.4
Conjurations   | 1 4 7 8 10 12 | 12.5
Evocations     | 2 6 10 12 | 12.3
Armour         | 2 |  2.0
Dodging        | 2 |  2.9
Air Magic      | 6 11 | 11.2
Staves         | |  0.4
Stealth        | |  1.7
Transmutations | |  0.8

Action                     |  1- 3 |  4- 6 |  7- 9 | 10-12 || total
---------------------------+-------+-------+-------+-------++-------
  Melee: Quarterstaff      |     1 |     6 |     4 |     3 ||    14
         Demon trident     |       |       |       |    24 ||    24
         Punch             |       |       |       |     2 ||     2
   Cast: Sandblast         |    11 |    14 |     2 |     3 ||    30
         Stone Arrow       |     2 |       |    30 |    94 ||   126
 Invoke: Potion Petition   |       |       |     1 |     5 ||     6
         Call Merchant     |       |       |       |     3 ||     3
  Evoke: Lightning rod     |       |       |    10 |    10 ||    20
         Wand              |       |       |     1 |     6 ||     7
    Use: Potion            |       |     2 |     2 |     8 ||    12
         Scroll            |       |       |       |     4 ||     4
   Stab: Invisible         |       |       |       |     2 ||     2
 Armour: Robe              |       |     1 |     4 |       ||     5
         Troll leather arm |       |       |       |    14 ||    14
  Dodge: Dodged            |     2 |     8 |    17 |    24 ||    51

Table legend: (Time is in decaauts)
 A = Elapsed time spent in this place.
 B = Non-inter-level travel time spent in this place.
 C = Inter-level travel time spent in this place.
 D = Time resting spent in this place.
 E = Time spent auto-exploring this place.
 F = Levels seen in this place.
 G = Mean time per level.
                   A        B        C        D        E       F      G
               +--------+--------+--------+--------+--------+-----+--------+
         Total |   4883 |   4793 |     90 |   3815 |      0 |   1 | 4883.0 |
       Dungeon |   4883 |   4793 |     90 |   3815 |      0 |   1 | 4883.0 |
               +--------+--------+--------+--------+--------+-----+--------+

Top non-repeatable levels by time:
       D: 4883 daAuts
